 Dungeon Crawl Stone Soup version 0.18-a0-1041-gbe91bf5 (webtiles) character file.

335 wvc the Covered (level 6, -1/47 HPs)
             Began as a Vampire Wanderer on Jan 11, 2016.
             Was a Believer of Cheibriados.
             Slain by yogakurto's ghost (8 damage)
             ... on level 4 of the Dungeon.
             The game lasted 00:10:40 (4689 turns).

wvc the Covered (Vampire Wanderer)                  Turns: 4689, Time: 00:10:40

Health: -1/47      AC: 13    Str: 13    XL:     6   Next: 28%
Magic:  6/6        EV: 13    Int: 23    God:    Cheibriados [**....]
Gold:   217        SH:  0    Dex: 20    Spells: 0 memorised, 5 levels left

rFire  . . .     SeeInvis +     o - +3 dagger (protect)
rCold  . . .     Gourm    .     c - +0 ring mail
rNeg   + + .     Faith    .     (no shield)
rPois  .         Spirit   .     f - +1 helmet
rElec  .         Dismiss  .     (no cloak)
rCorr  .         Reflect  .     (no gloves)
SustAt .         Harm     .     (no boots)
MR     .....                    (no amulet)
Stlth  ++........               (no ring)
                                n - ring of positive energy

@: slowed, very slow, not resistant to hostile enchantments, unstealthy
A: fangs 3, see invisible, unbreathing
a: Bat Form, Bend Time, Renounce Religion


You were on level 4 of the Dungeon.
You worshipped Cheibriados.
Cheibriados was pleased with you.
You were not thirsty.

You visited 1 branch of the dungeon, and saw 4 of its levels.

You collected 217 gold pieces.

Inventory:

Hand Weapons
 a - a +2 shortbow
 b - a +0 spear
 j - a +0 blowgun
 o - a +3 dagger of protection (weapon)
Missiles
 l - 16 poisoned needles
Armour
 c - a +0 ring mail (worn)
 f - a +1 helmet (worn)
Jewellery
 n - a ring of positive energy (left hand)
Scrolls
 g - 3 scrolls of identify
 q - a scroll of remove curse
Potions
 p - a potion of berserk rage


   Skills:
 - Level 3.6 Fighting
   Level 1.0 Axes
 - Level 1.0 Bows
 + Level 4.5 Armour
 + Level 4.0 Dodging
 - Level 1.5 Stealth
   Level 1.0 Evocations


You had 5 spell levels left.
You didn't know any spells.

Dungeon Overview and Level Annotations

Branches:
Dungeon (4/15)
 Temple: D:4-7

Altars:
Cheibriados
Makhleb
Sif Muna

Annotations:
D:2 Sigmund
D:4 yogakurto's ghost, amateur HOAM


Innate Abilities, Weirdness & Mutations

You have razor-sharp teeth.
You have supernaturally acute eyesight.
You can survive without breathing.


Message History

Yogakurto's ghost hits you.
* * * LOW HITPOINT WARNING * * *
Yogakurto's ghost barely misses you.
Your ring mail prevents you from hitting yogakurto's ghost.
Yogakurto's ghost is almost destroyed.
Yogakurto's ghost hits you but does no damage.
You barely miss yogakurto's ghost.
Yogakurto's ghost is almost destroyed.
Yogakurto's ghost hits you.
* * * LOW HITPOINT WARNING * * *
Yogakurto's ghost hits you but does no damage.
You barely miss yogakurto's ghost. Your bite misses yogakurto's ghost.
Yogakurto's ghost is almost destroyed.
Yogakurto's ghost barely misses you.
You hit yogakurto's ghost but do no damage.
You bite yogakurto's ghost, but do no damage.
Yogakurto's ghost is almost destroyed.
You are no longer glowing.
Yogakurto's ghost barely misses you. Yogakurto's ghost hits you!
You die...

#[............##
##...........##
##.........##
##.......## #...
##.....## #...
##...## #...
##..#### #...
##.....#### #...
#....@W..(# #...
#.............#
#...
#..###......(.(.
#.< #..#
######...(.........
...# ####.........
..# ###..... ####..
###


You could see yogakurto's ghost.

Vanquished Creatures
  A sky beast (D:3)
  A water moccasin skeleton (D:3)
  Terence (D:2)
  Robin (D:2)
  6 adders
  2 worms
  3 giant geckos
  9 orcs
  A giant cockroach (D:3)
  15 goblins
  6 hobgoblins
  11 jackals
  2 quokkas (D:3)
  2 ball pythons (D:2)
  10 bats
  8 giant newts (D:3)
  6 kobolds
  9 rats
94 creatures vanquished.

Notes
Turn   | Place    | Note
--------------------------------------------------------------
     0 | D:1      | wvc the Vampire Wanderer began the quest for the Orb.
     0 | D:1      | wvc set off with: a +2 shortbow, 27 arrows, a +0 ring mail, a wand of random effects (15/48), a potion of blood
     0 | D:1      | Reached XP level 1. HP: 18/18 MP: 1/1
   131 | D:1      | Reached XP level 2. HP: 8/24 MP: 2/2
  1155 | D:2      | Noticed Terence
  1168 | D:2      | Killed Terence
  1168 | D:2      | Reached skill level 1 in Dodging
  1168 | D:2      | Reached XP level 3. HP: 15/29 MP: 3/3
  1518 | D:2      | Noticed Sigmund
  1571 | D:2      | Found a burning altar of Makhleb.
  1666 | D:2      | Reached XP level 4. HP: 36/36 MP: 4/4
  2045 | D:2      | Found a snail-covered altar of Cheibriados.
  2110 | D:2      | Became a worshipper of Cheibriados the Contemplative
  2262 | D:2      | Noticed Robin
  2697 | D:2      | Killed Robin
  2719 | D:2      | Reached * piety under Cheibriados
  3112 | D:3      | Reached XP level 5. HP: 39/41 MP: 5/5
  3471 | D:3      | Reached skill level 4 in Armour
  3629 | D:3      | Reached ** piety under Cheibriados
  3659 | D:3      | Noticed a sky beast
  3698 | D:3      | HP: 1/41 [sky beast (5)]
  3717 | D:3      | Killed a sky beast
  3717 | D:3      | Reached XP level 6. HP: 5/47 MP: 6/6
  4094 | D:3      | Found a deep blue altar of Sif Muna.
  4500 | D:4      | Noticed yogakurto's ghost (amateur HOAM)
  4689 | D:4      | Slain by yogakurto's ghost

Vault maps used:
D:1:      shiori_shiawase
D:2:      bloody_makhleb, overflow_temple_1_default, first_bread, serial_forest,
          infiniplex_forest_end_2, infiniplex_forest_straight_4,
          infiniplex_forest_lined_3, infiniplex_forest_lined_3,
          infiniplex_forest_clump_cross, infiniplex_forest_lined_2,
          infiniplex_forest_lined_2, uniq_robin, uniq_terence, uniq_sigmund
D:3:      lemuel_blue_sif_altar, columned_hall_lemuel, minmay_lizard_king
D:4:      minmay_door_path

Action                   |  1- 3 |  4- 6 || total
-------------------------+-------+-------++-------
Melee: Spear             |       |    71 ||    71
       Dagger            |       |   145 ||   145
 Fire: Shortbow          |    86 |   117 ||   203
  Use: Potion            |       |     3 ||     3
       Scroll            |       |     7 ||     7
 Stab: Sleeping          |       |     1 ||     1
  Eat: Corpse            |     1 |     7 ||     8
